 Dungeon Crawl Stone Soup version 0.31-a0-949-g57150269e1 (webtiles) character file.

Game seed: 7127069653988090309

1211 Forgeling the Magician (level 8, 46/48 HPs)
             Began as a Tengu Necromancer on Oct 22, 2023.
             Was an Initiate of Gozag.
             Quit the game on level 6 of the Dungeon.
             The game lasted 00:20:00 (6397 turns).

Forgeling the Magician (Tengu Necromancer)          Turns: 6397, Time: 00:20:01

Health: 46/48      AC:  3    Str: 10    XL:     8   Next: 46%
Magic:  19/19      EV: 31    Int: 20    God:    Gozag
Gold:   424        SH:  0    Dex: 14    Spells: 17/21 levels left

rFire   + . .        m - +4 sling of Qosmupepn {heavy, rF+ Int+3 Stlth+}
rCold   . . .        (no shield)
rNeg    . . .        a - +0 robe
rPois   +            (helmet restricted)
rElec   .            l - +0 cloak
rCorr   .            (no gloves)
SInv    .            (boots unavailable)
Will    +....        o - amulet of guardian spirit
Stlth   +++          d - ring of poison resistance
HPRegen 0.28/turn    p - ring of willpower
MPRegen 0.16/turn

%: acrobat, guardian spirit
@: acrobatic, flying
A: beak, talons 3, evasive flight, acrobatic
a: Renounce Religion, Potion Petition, Call Merchant, Bribe Branch


You were on level 6 of the Dungeon.
You worshipped Gozag.
Gozag was aware of your devotion.
You visited 1 branch of the dungeon, and saw 6 of its levels.

You collected 712 gold pieces.
You spent 231 gold pieces at shops.
You paid 57 gold pieces to Gozag.

Inventory:

Hand Weapons
 b - a +0 dagger
 e - a +0 rapier
 m - the +4 sling of Qosmupepn (weapon) {heavy, rF+ Int+3 Stlth+}
   (You found it on level 4 of the Dungeon)

   Int+3:     It affects your intelligence (+3).
   rF+:       It protects you from fire.
   Stlth+:    It makes you more stealthy.
Missiles
 h - 11 boomerangs
 t - 5 poisoned darts
 u - 5 atropa-tipped darts
 w - 4 javelins
Armour
 a - a +0 robe (worn)
 l - a +0 cloak (worn)
Jewellery
 d - a ring of poison resistance (left hand)
 k - a ring of see invisible
 o - an amulet of guardian spirit (around neck)
 p - a ring of willpower (right hand)
 s - a ring of wizardry
Scrolls
 f - a scroll of fear {unknown}
 g - a scroll of amnesia
 i - a scroll of enchant armour
 j - 2 scrolls of blinking {unknown}
 n - a scroll of acquirement {unknown}
 q - a scroll of enchant weapon {unknown}
 Y - 5 scrolls of teleportation {@r3}
 Z - a scroll of identify {@r1}
Potions
 c - a potion of heal wounds {unknown}
 r - a potion of invisibility {unknown}
 A - a potion of attraction
 J - 5 potions of curing {@q1}
 Q - a potion of magic
 R - 2 potions of resistance


   Skills:
 - Level 4.0 Fighting
 - Level 2.1 Dodging
 - Level 2.0 Stealth
 + Level 7.1 Spellcasting
 - Level 7.0 Necromancy


You had 17 spell levels left.
You knew the following spells:

 Your Spells              Type           Power      Damage    Failure   Level
a - Necrotise             Necr           100%       1d9       1%          1
s - Vampiric Draining     Necr           35%        2d8       1%          3

Your spell library contained the following spells:

 Spells                   Type           Power      Damage    Failure   Level
 Apportation              Tloc           14%        N/A       10%         1
 Summon Small Mammal      Summ           28%        N/A       10%         1
 Ensorcelled Hibernation  Hex/Ice        14%        N/A       14%         2
 Passwall                 Tmut/Erth      5%         N/A       14%         2
 Agony                    Necr           35%        N/A       14%         5
 Swiftness                Air            7%         N/A       28%         3
 Volatile Blastmotes      Fire/Tloc      14%        2d11      28%         3
 Fulminant Prism          Conj/Hex       3%         3d5       67%         4
 Iskenderun's Mystic Bla  Conj/Tloc      7%         2d4       67%         4
 Animate Dead             Necr           Unusable   N/A       N/A         4

Dungeon Overview and Level Annotations

Branches:
Dungeon (6/15)             Temple (0/1) D:4

Altars:
Elyvilon
Gozag
Nemelex Xobeh
Wu Jian
Xom
The Shining One

Shops:
D:1 [*   D:3 *

Annotations:
D:6 Menkaure, Prince Ribbit


Innate Abilities, Weirdness & Mutations

You have a beak for a mouth.
You have claws for feet.
Your magical flight helps you evade attacks. (EV +4)
You can magically evade attacks while moving or waiting.


Message History

Unknown command.
Unknown command.
Unknown command.
Unknown command.
Press: ? - help, v - describe, . - travel
Here: Menkaure (dormant)
The floor.
Placed new exclusion.
u - 5 atropa-tipped darts An iguana comes into view.
An iguana is nearby!
You shoot a sling bullet. The iguana hisses angrily.
You shoot a sling bullet. The sling bullet hits the iguana!
The iguana is severely wounded.
The iguana bites you.
You shoot a sling bullet. The sling bullet hits the iguana!
You kill the iguana!
HP restored.
Magic restored.
You now have 424 gold pieces (gained 5).
You see here a +0 mace.
Found a +0 club.
An orc is nearby!
An orc is nearby!
You hear a croak.
Prince Ribbit is nearby!
Prince Ribbit is nearby!
Prince Ribbit is nearby!
Prince Ribbit is nearby!
Prince Ribbit blinks!
A phantom comes into view.
Prince Ribbit blinks!
The phantom moves out of view.
Prince Ribbit blinks!
Prince Ribbit blinks!
The phantom attacks as it pursues you! The phantom hits you.
The phantom blinks!
You blink.
Unknown command.
Unknown command.
Are you sure you want to abandon this character and quit the game? (Confirm with "yes".)

.....#..........#..#
.##..........[..####
.................###
PP.PPP...........#.##
.P.P.P........#..#..##
.P.P.P...#....#......#
.P......##.F.##......######
.P.PPP.......###.W...#.##.##
.....P.......#ยงยง@..........##
PP.PPP...#######....##......#
.P.P.P...# [...#######.....##
.P)P.P...# #.....####.....##
.P...P.....###.....#.(...##
PPPPPP.......###....(...##
....P........ ###...o.###
P.PPP........ ##........### ...
.........##.....#.....###


You could see a phantom.

Vanquished Creatures
  Pargi (D:3)
  An orc warrior (D:5)
  An ogre (D:6)
  2 bullfrogs
  3 scorpions
  2 hounds
  2 jellies (D:5)
  An orc priest (D:2)
  Crazy Yiuf (D:5)
  A gnoll bouda (D:4)
  A sleepcap (D:6)
  6 iguanas
  4 gnolls (D:4)
  8 adders
  A shadow imp (D:6)
  A white imp (D:5)
  An ufetubus (D:5)
  3 worms
  A dart slug (D:2)
  11 orcs
  9 ball pythons
  6 endoplasms
  2 hobgoblins
  8 jackals
  8 kobolds
  3 quokkas
  4 bats
  3 frilled lizards
  8 goblins
  9 rats
112 creatures vanquished.

Vanquished Creatures (collateral kills)
  An adder (D:3)
  2 endoplasms
  A frilled lizard (D:3)
  A kobold (D:1)
5 creatures vanquished.

Grand Total: 117 creatures vanquished

Notes
Turn   | Place    | Note
-------+----------+-------------------------------------------
     0 | D:1      | Forgeling the Tengu Necromancer began the quest for the
                  | Orb.
     0 | D:1      | Reached XP level 1. HP: 10/10 MP: 4/4
   261 | D:1      | Reached XP level 2. HP: 15/15 MP: 0/6
   271 | D:1      | Reached skill level 5 in Necromancy
   434 | D:1      | Found Mez Pir's Antique Armour Shop.
   550 | D:1      | Reached XP level 3. HP: 19/19 MP: 4/7
   581 | D:1      | Found Hiopsint's Assorted Antiques.
   857 | D:1      | Bought 3 scrolls labelled HAOM OSAYZUTOCW for 63 gold
                  | pieces
  1183 | D:2      | Reached XP level 4. HP: 24/24 MP: 6/8
  1942 | D:3      | Reached XP level 5. HP: 23/28 MP: 3/9
  1954 | D:3      | Noticed Pargi
  2663 | D:3      | Found an opulent altar of Gozag.
  2668 | D:3      | Found Gozag's Platinum Reserve.
  2672 | D:3      | Became a worshipper of Gozag Ym Sagoz the Greedy
  3035 | D:4      | Found a sparkling altar of Nemelex Xobeh.
  3099 | D:4      | Reached XP level 6. HP: 24/32 MP: 1/12
  3117 | D:4      | Identified the +4 sling of Qosmupepn {heavy, rF+ Int+3
                  | Stlth+}
  3293 | D:4      | Learned a level 3 spell: Vampiric Draining
  3784 | D:4      | Found a staircase to the Ecumenical Temple.
  3979 | D:1      | Bought a shiny wooden ring for 105 gold pieces
  3979 | D:1      | Bought a scroll labelled LETIT ZU NOF for 21 gold pieces
  3979 | D:1      | Bought a scroll labelled OMOALO GILITU for 21 gold pieces
  3979 | D:1      | Bought a scroll labelled HOAKLY CADUSA for 21 gold pieces
  4073 | D:5      | Entered Level 5 of the Dungeon
  4193 | D:5      | Reached skill level 5 in Spellcasting
  4193 | D:5      | Gained mutation: Your magical flight helps you evade
                  | attacks. (EV +4) [Tengu growth]
  4193 | D:5      | Reached XP level 7. HP: 31/36 MP: 10/15
  4571 | D:5      | Reached skill level 1 in Fighting
  4625 | D:5      | Found a glowing golden altar of the Shining One.
  4693 | D:5      | Found a white marble altar of Elyvilon.
  4982 | D:5      | Found a runed translucent door.
  4984 | D:5      | Noticed Crazy Yiuf
  4992 | D:5      | Killed Crazy Yiuf
  5338 | D:3      | Killed Pargi
  5449 | D:6      | Identified the "Kaic"
  5659 | D:6      | Found a shimmering altar of Xom.
  5666 | D:6      | Reached XP level 8. HP: 44/46 MP: 12/18
  6120 | D:6      | Found an ornate altar of the Wu Jian Council.
  6137 | D:6      | Noticed Prince Ribbit
  6295 | D:6      | Noticed Menkaure
  6397 | D:6      | Quit the game

Illustrated notes

Levels and vault maps discovered:
D:1:      roderic_octagonal_star, layout_rooms, serial_shops,
          nicolae_shop_waterfront, shop, serial_glass, glass_columns_c,
          glass_columns_a
D:2:      layout_basic, grunt_ministairs_1, serial_park_tiny_pond
D:3:      layout_basic, nicolae_gozag_zags_fifth_avenue, serial_rivers,
          chequers_serial_rivers_room_a, chequers_serial_rivers_large_a,
          chequers_serial_rivers_room_b, chequers_serial_rivers_small_b,
          chequers_serial_rivers_micro_a, minmay_misc_feat_enclosed, uniq_pargi
D:4:      layout_basic, nemelex_dance_club_becter, temple_statues, st_stairs_5
D:5:      layout_basic, nicolae_elyvilon_peaceful_grove,
          nicolae_tso_swordbearing_angel, uniq_crazy_yiuf_cottage
D:6:      layout_cave_pools, palyth_temple_overflow_mages,
          mainiacjoe_overflow_tiny_flanked, mainiacjoe_overflow_catwalk,
          hangedman_glass_teeth, minmay_hedge_maze, minmay_crossroads,
          uniq_prince_ribbit1, uniq_menkaure

Skill      XL: |  1  2  3  4  5  6  7  8 |
---------------+-------------------------+-----
Necromancy     | 5 6 7 |  7.0
Spellcasting   | 3 5 6 7 |  7.1
Fighting       | 3 4 |  4.0
Dodging        | |  2.1
Stealth        | |  2.0

Action                     |  1- 3 |  4- 6 |  7- 9 || total
---------------------------+-------+-------+-------++-------
  Melee: Dagger            |    24 |     8 |     1 ||    33
         Kick              |     5 |       |       ||     5
         Peck              |     3 |     2 |       ||     5
   Fire: Sling             |       |    22 |    83 ||   105
  Throw: Dart              |       |       |     3 ||     3
   Cast: Necrotise         |    47 |    78 |    41 ||   166
         Vampiric Draining |       |       |     2 ||     2
    Use: Scroll            |     1 |     6 |       ||     7
   Stab: Sleeping          |     3 |       |     1 ||     4
         Distracted        |     1 |       |       ||     1
 Armour: Robe              |    11 |    27 |    48 ||    86
  Dodge: Dodged            |    26 |    34 |    99 ||   159

Table legend: (Time is in decaauts)
 A = Elapsed time spent in this place.
 B = Non-inter-level travel time spent in this place.
 C = Inter-level travel time spent in this place.
 D = Time resting spent in this place.
 E = Time spent auto-exploring this place.
 F = Levels seen in this place.
 G = Mean time per level.
                   A        B        C        D        E       F      G
               +--------+--------+--------+--------+--------+-----+--------+
         Total |   6527 |   5661 |    866 |    203 |   4234 |   6 | 1087.8 |
       Dungeon |   6527 |   5661 |    866 |    203 |   4234 |   6 | 1087.8 |
               +--------+--------+--------+--------+--------+-----+--------+

Top non-repeatable levels by time:
     D:5: 1438 daAuts
     D:3: 1389 daAuts
     D:4: 1122 daAuts
     D:1: 1100 daAuts
     D:2: 894 daAuts
     D:6: 583 daAuts
